[Event "Titled Tuesday Blitz October 11 Late 2022"]
[White "Borawski, Jakub"]
[Black "Balkum, Alexander"]
[WhiteFideId "1143000"]
[BlackFideId "2005069"]
[WhiteElo "2122"]
[BlackElo "2324"]
[Result "1-0"]
[Round "07"]
[TimeControl "180+1"]
[Date "2022.10.12"]
[WhiteClock "0:00:06"]
[BlackClock "0:00:05"]

1. d4 Nf6 2. c4 g6 3. Nc3 Bg7 4. e4 d6 5. Nf3 O-O 6. Be2 e5 7. O-O Na6 8. Re1 c6 9. Be3 Ng4 10. Bg5 Qe8 11. h3 h6 12. Bc1 exd4 13. Nxd4 Ne5 14. Be3 Be6 15. b3 Rd8 16. f4 Bc8 17. Qc2 Nd7 18. Rad1 Nac5 19. Bf3 a5 20. Bf2 Ne6 21. Nde2 f5 22. exf5 gxf5 23. Rxd6 Nf6 24. Rxd8 Qxd8 25. Qxf5 Ng5 26. Qg6 Nxf3+ 27. gxf3 Qd7 28. f5 Qxf5 29. Qxf5 Bxf5 30. Kh2 Nh5 31. Nd4 Bd7 32. Re7 Rf7 33. Rxf7 Kxf7 34. Ne4 Be5+ 35. Kg2 Nf4+ 36. Kf1 Bxh3+ 37. Ke1 Nd3+ 38. Ke2 Nxf2 39. Nxf2 Bxd4 40. Nxh3 Be5 41. Kd3 Kf6 42. Ke4 Bd6 43. f4 Bc7 44. Nf2 h5 45. Nd3 h4 46. Kf3 Kf5 47. Nc5 b6 48. Nd7 b5 49. cxb5 cxb5 50. Nc5 Bxf4 51. Nd3 Bd6 52. a4 h3 53. axb5 h2 54. Kg2 Ke4 55. Nf2+ Kd4 56. b6 Kc3 57. Ne4+ Kxb3 58. Nxd6 h1=Q+ 59. Kxh1 a4 60. b7 Ka2 61. b8=Q a3 62. Nc4 Ka1 63. Qa7 a2 64. Qd4+ Kb1 65. Qb2# 1-0


[Site "https://www.chess.com"]

[Event "Titled Tuesday Blitz October 11 Late 2022"]
[White "Boros, Denes"]
[Black "Rasulov, Vugar"]
[WhiteFideId "722340"]
[BlackFideId "13402390"]
[WhiteElo "2464"]
[BlackElo "2509"]
[Result "0-1"]
[Round "07"]
[TimeControl "180+1"]
[Date "2022.10.11"]
[WhiteClock "0:00:14"]
[BlackClock "0:00:36"]

1. Nf3 d5 2. b3 Nf6 3. Bb2 c5 4. e3 a6 5. c4 Nc6 6. cxd5 Nxd5 7. a3 f6 8. Nc3 Nxc3 9. dxc3 Qc7 10. b4 e5 11. Qb3 b5 12. bxc5 Bxc5 13. Bd3 Na5 14. Qc2 Nc4 15. a4 Rb8 16. axb5 axb5 17. Bc1 g6 18. Nd2 Be6 19. Ra6 Qd7 20. Bxg6+ hxg6 21. Qxg6+ Bf7 22. Qxf6 Rh5 23. Ne4 Be7 24. Qf3 Qf5 25. Qxf5 Rxf5 26. g4 Rf3 27. Ke2 Rh3 28. Nf6+ Bxf6 29. Rxf6 Ra8 30. g5 Ra2+ 31. Kd3 Ke7 32. f3 Bd5 33. e4 Be6 34. Be3 Rhxh2 35. Rxh2 Rxh2 36. Bc5+ Kd7 37. g6 Rd2# 0-1


[Site "https://www.chess.com"]

[Event "Titled Tuesday Blitz October 11 Late 2022"]
[White "Bortnyk, Olexandr"]
[Black "Fernandez De La Vara, Arnaldo"]
[WhiteFideId "14120828"]
[BlackFideId "3518388"]
[WhiteElo "2723"]
[BlackElo "2387"]
[Result "1-0"]
[Round "07"]
[TimeControl "180+1"]
[Date "2022.10.11"]
[WhiteClock "0:01:13"]
[BlackClock "0:00:05"]

1. d4 c5 2. Nc3 cxd4 3. Qxd4 Nc6 4. Qa4 g6 5. e4 Bg7 6. Nf3 Nf6 7. e5 Ng8 8. Bf4 f6 9. e6 dxe6 10. Rd1 Qb6 11. Nb5 e5 12. Be3 Qa5+ 13. Qxa5 Nxa5 14. Nc7+ Kf7 15. Nxa8 Nh6 16. Nc7 a6 17. b4 Nc6 18. Bc4+ e6 19. b5 Na5 20. Be2 Nf5 21. Bb6 e4 22. Nd2 e3 23. fxe3 axb5 24. Bxa5 Nxe3 25. Rc1 Nxg2+ 26. Kf2 Nf4 27. Bxb5 Bf8 28. Bb6 Bb4 29. Ne4 f5 30. Ng5+ Kf6 31. Ngxe6 Nxe6 32. Nxe6 Kxe6 33. c3 Ba3 34. Rhe1+ Kf7 35. Rcd1 Be6 36. Bc4 Bxc4 37. Rd7+ Be7 38. Rexe7+ 1-0


[Site "https://www.chess.com"]

[Event "Titled Tuesday Blitz October 11 Late 2022"]
[White "Buchenau, Frank"]
[Black "Prieto Aranguren, Alain"]
[WhiteFideId "4604350"]
[BlackFideId "2268906"]
[WhiteElo "2157"]
[BlackElo "2209"]
[Result "0-1"]
[Round "07"]
[TimeControl "180+1"]
[Date "2022.10.12"]
[WhiteClock "0:00:05"]
[BlackClock "0:00:34"]

1. e4 e5 2. Bc4 c6 3. d4 Qh4 4. Nc3 d5 5. exd5 Qxd4 6. Qe2 Bb4 7. Nf3 Bxc3+ 8. Kf1 Qc5 9. bxc3 Ne7 10. Nxe5 cxd5 11. Bb5+ Nbc6 12. a4 O-O 13. Ba3 Qxc3 14. Qe1 Qxe1+ 15. Rxe1 Rd8 16. f3 Be6 17. Kf2 Rdc8 18. Nd3 Nf5 19. Nf4 Nfd4 20. Nxe6 fxe6 21. Bd3 e5 22. c3 Ne6 23. Bf5 Kf7 24. f4 e4 25. g4 Kf6 26. Bb2 g6 27. c4+ Kf7 28. cxd5 gxf5 29. dxe6+ Kxe6 30. gxf5+ Kxf5 31. Rhg1 h6 32. Rg7 Nb4 33. Rf7+ Ke6 34. Rf6+ Ke7 0-1


[Site "https://www.chess.com"]

[Event "Titled Tuesday Blitz October 11 Late 2022"]
[White "Carbone, Diego"]
[Black "Rorrer, Grayson"]
[WhiteFideId "3002179"]
[BlackFideId "30944996"]
[WhiteElo "2243"]
[BlackElo "2130"]
[Result "0-1"]
[Round "07"]
[TimeControl "180+1"]
[Date "2022.10.12"]
[WhiteClock "0:00:36"]
[BlackClock "0:00:17"]

1. d4 Nf6 2. c4 e6 3. g3 Bb4+ 4. Bd2 a5 5. Nf3 d6 6. Bg2 Nbd7 7. Qc2 e5 8. O-O O-O 9. Nc3 c6 10. Rad1 Bxc3 11. Bxc3 e4 12. Nd2 d5 13. cxd5 cxd5 14. f3 exf3 15. exf3 b5 16. Nb3 Qb6 17. Kh1 a4 18. Nc1 b4 19. Be1 Ba6 20. Nd3 Rfc8 21. Qd2 Qxd4 22. Qxb4 Qxb4 23. Bxb4 Rab8 24. a3 Rc2 25. Bc3 Rb3 26. Rfe1 d4 27. Nb4 dxc3 28. Nxc2 cxb2 29. Rxd7 Nxd7 30. Rb1 Bd3 31. Nd4 Bxb1 32. Nxb3 axb3 0-1


[Site "https://www.chess.com"]

[Event "Titled Tuesday Blitz October 11 Late 2022"]
[White "Carlsen, Magnus"]
[Black "Fedoseev, Vladimir"]
[WhiteFideId "1503014"]
[BlackFideId "24130737"]
[WhiteElo "2830"]
[BlackElo "2726"]
[Result "1-0"]
[Round "07"]
[TimeControl "180+1"]
[Date "2022.10.11"]
[WhiteClock "0:01:57"]
[BlackClock "0:00:15"]

1. g4 Na6 2. Bg2 c6 3. d4 d5 4. h3 g6 5. c4 dxc4 6. Nc3 Bg7 7. Nf3 Nf6 8. O-O O-O 9. a3 Nd5 10. e4 Nxc3 11. bxc3 e5 12. Nxe5 Bxe5 13. dxe5 Qxd1 14. Rxd1 Nc5 15. f4 g5 16. f5 h6 17. Rd6 Kg7 18. Be3 Nd3 19. Bf1 Nxe5 20. Bd4 f6 21. Bxe5 fxe5 22. Rg6+ Kh7 23. Rd1 b5 24. Rdd6 Rf7 25. Rxh6+ Kg8 26. h4 gxh4 27. g5 Bxf5 28. exf5 Rxf5 29. Rdg6+ Kf7 30. Bh3 Rf3 31. Be6+ Ke7 32. Rh7+ Ke8 33. Rg8+ 1-0


[Site "https://www.chess.com"]

[Event "Titled Tuesday Blitz October 11 Late 2022"]
[White "Chigaev, Maksim"]
[Black "Goryachkina, Aleksandra"]
[WhiteFideId "4108116"]
[BlackFideId "4147103"]
[WhiteElo "2537"]
[BlackElo "2484"]
[Result "1-0"]
[Round "07"]
[TimeControl "180+1"]
[Date "2022.10.11"]
[WhiteClock "0:00:17"]
[BlackClock "0:00:02"]

1. Nf3 d5 2. c4 c6 3. d4 Nf6 4. Nc3 dxc4 5. e4 b5 6. Be2 e6 7. O-O Bb7 8. b3 Bb4 9. Qc2 cxb3 10. axb3 Bxc3 11. Qxc3 Nxe4 12. Qe3 Nf6 13. Ba3 b4 14. Bxb4 Nd5 15. Qd2 Nxb4 16. Qxb4 Qe7 17. Qa5 O-O 18. Ne5 Rd8 19. Bf3 f6 20. Nd3 Na6 21. Ra4 Nc7 22. Nc5 Nd5 23. Re1 Rd6 24. h3 a6 25. Ra2 Re8 26. Rae2 Qf7 27. Qa3 Bc8 28. Nxa6 Rdd8 29. Nc5 h5 30. Qc1 g5 31. g3 Re7 32. Bg2 h4 33. Bxd5 Rxd5 34. Qc3 hxg3 35. fxg3 e5 36. dxe5 Bxh3 37. e6 Qh5 38. Ne4 1-0


[Site "https://www.chess.com"]

[Event "Titled Tuesday Blitz October 11 Late 2022"]
[White "Clawitter, Craig"]
[Black "Storey, Charles H"]
[WhiteFideId "2023105"]
[BlackFideId "406686"]
[WhiteElo "2238"]
[BlackElo "2252"]
[Result "0-1"]
[Round "07"]
[TimeControl "180+1"]
[Date "2022.10.12"]
[WhiteClock "0:01:06"]
[BlackClock "0:01:56"]

1. e4 g6 2. d4 Bg7 3. Nc3 c5 4. Nf3 Qa5 5. Be3 Nf6 6. Bd3 c4 7. Bxc4 Nxe4 8. O-O Nxc3 9. Qd2 d5 10. Bb3 Bg4 11. bxc3 Bxf3 12. gxf3 e6 13. Bh6 Bxh6 14. Qxh6 Qxc3 15. Qg7 Rf8 16. Rfe1 Qxf3 17. Rxe6+ fxe6 18. Qxb7 Qxf2+ 19. Kh1 Qf3+ 20. Kg1 Qe3+ 21. Kh1 Qe4+ 0-1


[Site "https://www.chess.com"]

[Event "Titled Tuesday Blitz October 11 Late 2022"]
[White "Curtis, John"]
[Black "Jorquera, Marcelo"]
[WhiteFideId "3200256"]
[BlackFideId "3401197"]
[WhiteElo "2203"]
[BlackElo "2136"]
[Result "1-0"]
[Round "07"]
[TimeControl "180+1"]
[Date "2022.10.12"]
[WhiteClock "0:01:17"]
[BlackClock "0:00:01"]

1. e4 d5 2. exd5 Qxd5 3. Nc3 Qa5 4. d4 Nf6 5. Bc4 Bg4 6. f3 Bd7 7. Bd2 Qb6 8. Nge2 e6 9. Bb3 c5 10. Be3 cxd4 11. Qxd4 Qxd4 12. Bxd4 Nc6 13. Bf2 O-O-O 14. O-O-O Be7 15. Nb5 a6 16. Nd6+ Bxd6 17. Rxd6 Na5 18. Bb6 Nxb3+ 19. axb3 Rdg8 20. c4 Bc6 21. Nc3 Nd7 22. Bf2 a5 23. Rhd1 Rd8 24. Kb1 Kc7 25. Ka2 b6 26. Ka3 Nc5 27. Bg3 Rxd6 28. Bxd6+ Kb7 29. b4 axb4+ 30. Kxb4 Rc8 31. Bxc5 bxc5+ 32. Kb3 1-0


[Site "https://www.chess.com"]

[Event "Titled Tuesday Blitz October 11 Late 2022"]
[White "D`Arruda, Ricardo D."]
[Black "Torres Boch, Jose Francisco"]
[WhiteFideId "100692"]
[BlackFideId "2278383"]
[WhiteElo "2439"]
[BlackElo "2073"]
[Result "0-1"]
[Round "07"]
[TimeControl "180+1"]
[Date "2022.10.12"]
[WhiteClock "0:00:50"]
[BlackClock "0:00:54"]

1. Nf3 Nf6 2. d4 e6 3. c4 b6 4. Nc3 Bb7 5. Bg5 h6 6. Bh4 Be7 7. e3 O-O 8. Bd3 c5 9. O-O Nc6 10. a3 cxd4 11. exd4 d5 12. cxd5 Nxd5 13. Bxe7 Ncxe7 14. Qd2 Rc8 15. Ne5 Nxc3 16. bxc3 Qd5 17. f3 Qa5 18. Rfd1 Qxc3 19. Qf2 Rfd8 20. h3 Kf8 21. Bb5 Nd5 22. Qh4 Qe3+ 23. Kh1 Qf4 24. Qf2 Nc3 25. Bd7 Nxd1 26. Rxd1 Rc7 27. Bb5 Rc1 28. Rxc1 Qxc1+ 29. Kh2 Qf4+ 30. Kh1 Qxd4 0-1


[Site "https://www.chess.com"]

[Event "Titled Tuesday Blitz October 11 Late 2022"]
[White "Djordjevic, Dejan N"]
[Black "Jimenez, Joaquin"]
[WhiteFideId "913316"]
[BlackFideId "109860"]
[WhiteElo "2262"]
[BlackElo "2163"]
[Result "0-1"]
[Round "07"]
[TimeControl "180+1"]
[Date "2022.10.12"]
[WhiteClock "0:00:19"]
[BlackClock "0:01:35"]

1. e4 e6 2. d3 e5 3. Nf3 Nc6 4. d4 exd4 5. Nxd4 Nf6 6. Nxc6 bxc6 7. Bd3 Bc5 8. O-O d6 9. h3 h6 10. c4 O-O 11. Nc3 Re8 12. Bc2 Bb6 13. Bf4 Nd7 14. a3 Ne5 15. b3 Ng6 16. Bg3 Qf6 17. Na4 Bd4 18. Ra2 c5 19. Bb1 Qg5 20. Kh2 Bb7 21. f4 Qf6 22. Re2 Bc6 23. b4 Qd8 24. bxc5 dxc5 25. e5 Rb8 26. Bc2 Nh4 27. Qd3 g6 28. f5 Bxa4 29. Bxa4 Bg1+ 30. Kxg1 Qxd3 31. fxg6 Nxg6 32. Bxe8 Rxe8 0-1


[Site "https://www.chess.com"]

[Event "Titled Tuesday Blitz October 11 Late 2022"]
[White "Donchenko, Alexander"]
[Black "Timmermans, Mark"]
[WhiteFideId "24603295"]
[BlackFideId "1026399"]
[WhiteElo "2572"]
[BlackElo "2460"]
[Result "1-0"]
[Round "07"]
[TimeControl "180+1"]
[Date "2022.10.11"]
[WhiteClock "0:01:36"]
[BlackClock "0:01:35"]

1. Nf3 Nf6 2. g3 e6 3. Bg2 d5 4. O-O Be7 5. c4 O-O 6. b3 c5 7. Bb2 Nc6 8. e3 b6 9. Nc3 dxc4 10. bxc4 Bb7 11. Qe2 Rc8 12. Rfd1 Qc7 13. Rac1 Rfd8 14. d3 Qb8 15. h3 Qa8 16. Ne1 Rd7 17. g4 Rcd8 18. f4 Nb4 19. Bxb7 Qxb7 20. a3 Nc6 21. Nf3 a6 22. g5 Ne8 23. Ne4 b5 24. cxb5 Qxb5 25. a4 Qxa4 26. Nxc5 Bxc5 27. Rxc5 Nb4 28. Ra1 Na2 29. Bd4 Rxd4 30. exd4 Nc3 31. Qb2 Ne2+ 32. Kf2 Nxf4 33. Rxa4 Nxd3+ 34. Ke2 Nxb2 35. Rb4 1-0


[Site "https://www.chess.com"]

[Event "Titled Tuesday Blitz October 11 Late 2022"]
[White "Duda, Jan-Krzysztof"]
[Black "Melkumyan, Hrant"]
[WhiteFideId "1170546"]
[BlackFideId "13302485"]
[WhiteElo "2779"]
[BlackElo "2604"]
[Result "0-1"]
[Round "07"]
[TimeControl "180+1"]
[Date "2022.10.11"]
[WhiteClock "0:00:02"]
[BlackClock "0:00:04"]

1. d4 d5 2. Nf3 Nf6 3. c4 e6 4. g3 dxc4 5. Bg2 Bb4+ 6. Bd2 a5 7. a3 Bxd2+ 8. Qxd2 b5 9. a4 c6 10. axb5 cxb5 11. Qg5 O-O 12. Qxb5 Ba6 13. Qa4 Nbd7 14. O-O Qb6 15. Nbd2 Rfc8 16. Rfb1 Bb5 17. Qc2 Rab8 18. e4 h6 19. Ra2 a4 20. Re1 Bc6 21. Qc3 Qb4 22. Bf1 Qxc3 23. bxc3 Rb3 24. Re3 Bb5 25. h3 Nb6 26. Ne1 Rd8 27. Nc2 Bc6 28. f3 Nbd5 29. exd5 Nxd5 30. Re1 Nxc3 31. Nxb3 axb3 32. Ra6 Bb5 33. Ra3 Nd5 34. Ne3 Nxe3 35. Rxe3 Rxd4 36. Re1 Bc6 37. Kf2 Bd5 38. Ke3 e5 39. Ra5 c3 40. Rxd5 Rxd5 41. Bc4 b2 42. Bd3 Rc5 43. Bc2 Rd5 44. Bd3 Rd6 45. Rb1 Kf8 46. g4 Ke7 47. h4 Kf6 48. Re1 Rc6 49. Bc2 Rd6 50. Re2 Ke7 51. Kf2 f6 52. Ke3 Rd4 53. Rf2 Kd6 54. Re2 Kc5 55. Bf5 Kb4 56. Re1 Rd2 57. g5 hxg5 58. hxg5 fxg5 59. Rh1 Rd8 60. Rh7 Rf8 61. Be4 Kb3 62. Bd5+ Kb4 63. Rxg7 Rb8 64. Be4 Kb3 65. Bd5+ Ka3 66. Ra7+ Kb4 67. Rc7 b1=Q 0-1


[Site "https://www.chess.com"]

[Event "Titled Tuesday Blitz October 11 Late 2022"]
[White "Floresvillar Gonzalez, Luis Migu"]
[Black "Stanisz, Patryk"]
[WhiteFideId "5100542"]
[BlackFideId "1123106"]
[WhiteElo "2040"]
[BlackElo "2069"]
[Result "0-1"]
[Round "07"]
[TimeControl "180+1"]
[Date "2022.10.12"]
[WhiteClock "0:00:50"]
[BlackClock "0:01:39"]

1. d4 d5 2. c3 Nf6 3. Bf4 c5 4. e3 Nc6 5. Bd3 e6 6. Nf3 cxd4 7. exd4 Nh5 8. Be3 Bd6 9. Nbd2 Nf4 10. Bf1 O-O 11. g3 Ng6 12. h4 e5 13. h5 Nge7 14. dxe5 Nxe5 15. Nxe5 Bxe5 16. Nf3 Bf6 17. Bg2 Nf5 18. Bd4 Nxd4 19. Nxd4 Re8+ 20. Kf1 Be6 21. h6 g6 22. Qd3 a6 23. Re1 Rc8 24. Nxe6 fxe6 25. Bh3 Qd6 26. Kg2 Rc7 27. Re2 Rce7 28. Rhe1 e5 29. Rd1 Rd8 30. Red2 Bg5 31. f4 exf4 32. Qxd5+ Qxd5+ 33. Rxd5 Rxd5 34. Rxd5 Bxh6 35. gxf4 Bxf4 36. Kf3 g5 37. Rd7 Re3+ 38. Kg2 Rg3+ 39. Kf2 Rxh3 40. Rxb7 Rh2+ 41. Kf3 h5 42. Ra7 Rxb2 43. Rxa6 h4 44. a4 h3 45. Rh6 h2 46. a5 Rc2 47. a6 Rxc3+ 48. Kg2 Rc2+ 49. Kh1 Rc1+ 50. Kg2 Kg7 51. Rh5 Rg1+ 52. Kf3 h1=Q+ 53. Rxh1 Rxh1 54. a7 0-1


[Site "https://www.chess.com"]

[Event "Titled Tuesday Blitz October 11 Late 2022"]
[White "Gardezi, Arsal"]
[Black "Kavutskiy, Konstantin"]
[WhiteFideId "30949521"]
[BlackFideId "2026384"]
[WhiteElo "1906"]
[BlackElo "2338"]
[Result "1-0"]
[Round "07"]
[TimeControl "180+1"]
[Date "2022.10.12"]
[WhiteClock "0:01:07"]
[BlackClock "0:01:14"]

1. Nf3 Nf6 2. g3 g6 3. Bg2 Bg7 4. O-O O-O 5. d4 d6 6. c4 Nc6 7. Nc3 e5 8. e4 exd4 9. Nxd4 Nxe4 10. Nxc6 Nxc3 11. bxc3 bxc6 12. Bxc6 Bh3 13. Re1 Rb8 14. Bd2 h5 15. Bg2 Bg4 16. Bf3 Qd7 17. Bxg4 hxg4 18. Re2 Qc6 19. Re3 Qxc4 20. Qe1 d5 21. Rc1 Rb2 22. a3 Ra2 23. Re7 Bf6 24. Bh6 Bxe7 25. Qxe7 Rb8 26. Qf6 1-0


[Site "https://www.chess.com"]

[Event "Titled Tuesday Blitz October 11 Late 2022"]
[White "Garmash, Aliona"]
[Black "Rodriguez Santiago, Jaime"]
[WhiteFideId "34127620"]
[BlackFideId "3100898"]
[WhiteElo "1980"]
[BlackElo "2025"]
[Result "1-0"]
[Round "07"]
[TimeControl "180+1"]
[Date "2022.10.12"]
[WhiteClock "0:00:05"]
[BlackClock "0:00:59"]

1. d4 d5 2. Nf3 Nf6 3. c4 c6 4. Nc3 e6 5. Bg5 Nbd7 6. e3 Qa5 7. Nd2 Bb4 8. Qc2 O-O 9. Be2 dxc4 10. Bxf6 Nxf6 11. Nxc4 Qc7 12. O-O Rd8 13. Rfc1 Bf8 14. Rab1 a6 15. b4 b5 16. Ne5 Bb7 17. Bf3 Rac8 18. Nd3 a5 19. Nxb5 Qb6 20. Na3 axb4 21. Nc4 Qa7 22. Nxb4 c5 23. Bxb7 Qxb7 24. dxc5 Rxc5 25. Nd3 Rb5 26. a4 Rxb1 27. Rxb1 Qa6 28. Nde5 Nd5 29. a5 Rc8 30. e4 Nb4 31. Qa4 f6 32. Nb6 Rc2 33. Nf3 Qe2 34. Rf1 Bc5 35. h3 Bxf2+ 36. Kh2 Qxf1 37. Qe8# 1-0


[Site "https://www.chess.com"]

[Event "Titled Tuesday Blitz October 11 Late 2022"]
[White "Girel, Joseph"]
[Black "Domingo Nunez, Ruben"]
[WhiteFideId "36033561"]
[BlackFideId "22245570"]
[WhiteElo "2281"]
[BlackElo "2406"]
[Result "1-0"]
[Round "07"]
[TimeControl "180+1"]
[Date "2022.10.11"]
[WhiteClock "0:01:06"]
[BlackClock "0:00:03"]

1. d4 g6 2. c4 Bg7 3. Nf3 d6 4. g3 Nd7 5. Bg2 Ngf6 6. O-O O-O 7. Nc3 c5 8. b3 Rb8 9. Bb2 a6 10. a4 b6 11. d5 Ne8 12. e4 b5 13. axb5 axb5 14. Qc2 bxc4 15. bxc4 Qb6 16. Rfb1 Qb3 17. Qxb3 Rxb3 18. Nd1 Nef6 19. Nd2 Rd3 20. Bc3 Ng4 21. Bxg7 Kxg7 22. Rb2 e6 23. Bf1 Rd4 24. Nb3 Rxe4 25. f3 Re1 26. fxg4 exd5 27. cxd5 Ne5 28. Kf2 Nf3 29. Kxf3 Rxf1+ 30. Nf2 Rxa1 31. Nxa1 f5 32. g5 Ba6 33. Nc2 Bc4 34. Ne3 Ba6 35. Rb6 Ra8 36. Rxd6 Bc8 37. Rc6 c4 38. Rc7+ Kg8 39. Nxc4 Ba6 40. Ne5 Rd8 41. Nd7 Bb5 42. Nf6+ Kf8 43. Nxh7+ Kg8 44. Nf6+ Kf8 45. Nh3 Bc6 46. Nf4 Bxd5+ 47. N6xd5 Ra8 48. Ne6+ Ke8 49. Nf6# 1-0


[Site "https://www.chess.com"]

[Event "Titled Tuesday Blitz October 11 Late 2022"]
[White "Girsh, Daniel"]
[Black "Ambartsumova, Karina"]
[WhiteFideId "30949190"]
[BlackFideId "4166299"]
[WhiteElo "2075"]
[BlackElo "2299"]
[Result "1-0"]
[Round "07"]
[TimeControl "180+1"]
[Date "2022.10.12"]
[WhiteClock "0:00:12"]
[BlackClock "0:00:01"]

1. d4 Nf6 2. c4 g6 3. Nc3 Bg7 4. e4 O-O 5. Be2 d6 6. Be3 e5 7. d5 Na6 8. h4 Nc5 9. Qc2 a5 10. h5 c6 11. O-O-O cxd5 12. cxd5 Bd7 13. Kb1 Ncxe4 14. Nxe4 Nxe4 15. Ka1 Nf6 16. hxg6 fxg6 17. Nf3 Bf5 18. Qb3 Qe7 19. Ng5 a4 20. Qb4 a3 21. b3 Rfd8 22. Bb6 Rdc8 23. Ne6 Bxe6 24. dxe6 Qxe6 25. Rxd6 Qf5 26. Bc4+ Kh8 27. Be3 Qc2 28. Rd2 Qf5 29. Qxb7 Ne8 30. Bh6 e4+ 31. Bxg7+ Nxg7 32. Qd5 Qf6+ 33. Qd4 Qxd4+ 34. Rxd4 Rf8 35. Rxe4 Rxf2 36. Reh4 h5 37. g4 Rd8 38. gxh5 gxh5 39. b4 Rdd2 40. b5 Rd6 41. Kb1 1-0


[Site "https://www.chess.com"]

[Event "Titled Tuesday Blitz October 11 Late 2022"]
[White "Goltsev, Dmitry"]
[Black "Quesada Perez, Yuniesky"]
[WhiteFideId "24176710"]
[BlackFideId "3504409"]
[WhiteElo "2257"]
[BlackElo "2599"]
[Result "0-1"]
[Round "07"]
[TimeControl "180+1"]
[Date "2022.10.11"]
[WhiteClock "0:00:14"]
[BlackClock "0:00:55"]

1. e4 d5 2. exd5 Qxd5 3. Nf3 Bg4 4. Be2 Nc6 5. Nc3 Qd7 6. h3 Bf5 7. d3 e6 8. Nh4 Bg6 9. Nxg6 hxg6 10. O-O Nf6 11. Bf4 Bd6 12. Qd2 Nd4 13. Rfe1 Bxf4 14. Qxf4 Nxc2 15. Bf3 c6 16. Rac1 Nxe1 17. Rxe1 O-O 18. Be4 Rad8 19. Re3 Qd6 20. Qh4 Qb4 21. Re2 Rd4 22. Qg5 Rfd8 23. h4 Nxe4 24. Rxe4 Qd6 25. Re1 Rxd3 26. h5 gxh5 27. Ne4 Qb4 28. Re3 Kf8 29. Re2 Qb5 30. Qh4 Rd1+ 31. Kh2 Qxe2 32. Ng5 Qe5+ 33. f4 Qf5 34. Qxh5 Qxf4+ 35. Kh3 Rh1# 0-1


[Site "https://www.chess.com"]

[Event "Titled Tuesday Blitz October 11 Late 2022"]
[White "Golubev, Mikhail"]
[Black "Petrova, Irina"]
[WhiteFideId "14100983"]
[BlackFideId "14124122"]
[WhiteElo "2374"]
[BlackElo "2023"]
[Result "1-0"]
[Round "07"]
[TimeControl "180+1"]
[Date "2022.10.12"]
[WhiteClock "0:00:08"]
[BlackClock "0:00:22"]

1. e4 d6 2. d4 Nf6 3. Nc3 e5 4. Nf3 Nbd7 5. Bc4 Be7 6. O-O O-O 7. a4 c6 8. Re1 h6 9. h3 Re8 10. Be3 Bf8 11. Ba2 Qc7 12. Nh4 exd4 13. Bxd4 c5 14. Be3 Ne5 15. Nf3 Be6 16. Nxe5 dxe5 17. Bxe6 Rxe6 18. Nd5 Nxd5 19. exd5 Ree8 20. c4 f5 21. Qh5 Qf7 22. Qxf7+ Kxf7 23. f4 b6 24. b3 e4 25. g4 g6 26. Ra2 Bg7 27. Rg2 Bd4 28. Kf2 Bxe3+ 29. Kxe3 Rg8 30. Reg1 Rae8 31. h4 Rd8 32. h5 gxh5 33. gxf5 Rxg2 34. Rxg2 Kf6 35. Rg6+ Kxf5 36. Rxh6 Kg4 37. Rg6+ Kh3 38. Kxe4 h4 39. d6 Kh2 40. Kd5 h3 41. Kc6 Kh1 42. d7 Rf8 43. Kc7 h2 44. d8=Q Rxd8 45. Kxd8 b5 46. cxb5 a6 47. bxa6 c4 48. a7 c3 49. a8=B# 1-0


[Site "https://www.chess.com"]

[Event "Titled Tuesday Blitz October 11 Late 2022"]
[White "Grinev, Valeriy"]
[Black "Diaz Rosas, Julio Cesar"]
[WhiteFideId "14117517"]
[BlackFideId "5105099"]
[WhiteElo "2722"]
[BlackElo "2542"]
[Result "1-0"]
[Round "07"]
[TimeControl "180+1"]
[Date "2022.10.12"]
[WhiteClock "0:00:48"]
[BlackClock "0:00:26"]

1. d4 Nf6 2. c4 g6 3. Nc3 d5 4. cxd5 Nxd5 5. e4 Nxc3 6. bxc3 Bg7 7. Bc4 c5 8. Ne2 O-O 9. Be3 Nc6 10. h4 Bg4 11. f3 Bd7 12. h5 cxd4 13. cxd4 Rc8 14. Rc1 b5 15. Bb3 Na5 16. hxg6 hxg6 17. Qd2 Rxc1+ 18. Nxc1 Nxb3 19. Nxb3 f5 20. Bh6 Rf7 21. Bxg7 Rxg7 22. d5 fxe4 23. fxe4 Qc7 24. O-O Rh7 25. Qf4 Qxf4 26. Rxf4 Rf7 27. g3 g5 28. Rxf7 Kxf7 29. Kf2 Kf6 30. Ke3 Ke5 31. Nc1 e6 32. Nd3+ Kd6 33. Kd4 exd5 34. e5+ Ke7 35. a3 Bf5 36. Nb4 Be4 37. Nc6+ Ke6 38. Nxa7 Kf5 39. Nxb5 Kg4 40. Nd6 Bg6 41. a4 Kxg3 42. a5 1-0


[Site "https://www.chess.com"]

[Event "Titled Tuesday Blitz October 11 Late 2022"]
[White "Gubajdullin, Alexei"]
[Black "Castella Garcia, Fausto"]
[WhiteFideId "4141202"]
[BlackFideId "3501922"]
[WhiteElo "2200"]
[BlackElo "2246"]
[Result "1-0"]
[Round "07"]
[TimeControl "180+1"]
[Date "2022.10.12"]
[WhiteClock "0:01:59"]
[BlackClock "0:00:21"]

1. d4 Nf6 2. Nf3 g6 3. Bf4 Bg7 4. e3 O-O 5. Be2 d6 6. O-O Nfd7 7. h3 e5 8. Bh2 Nc6 9. c4 e4 10. Nfd2 f5 11. Nc3 Nf6 12. Qa4 g5 13. b4 Ne7 14. b5 Ng6 15. b6 cxb6 16. Qb4 Ne8 17. Nb5 Rf6 18. f3 exf3 19. Bxf3 Bf8 20. Qb3 a6 21. Nc3 Nh4 22. Nd5 Nxf3+ 23. Rxf3 Rg6 24. Nxb6 Rb8 25. Nxc8 Rxc8 26. Rxf5 Qd7 27. Raf1 Ng7 28. Rf7 Qe6 29. d5 Qe8 30. Rxf8+ 1-0


[Site "https://www.chess.com"]

[Event "Titled Tuesday Blitz October 11 Late 2022"]
[White "Hajiyev, Kanan"]
[Black "Vlassov, Nikolai"]
[WhiteFideId "13404148"]
[BlackFideId "4103360"]
[WhiteElo "2518"]
[BlackElo "2678"]
[Result "1-0"]
[Round "07"]
[TimeControl "180+1"]
[Date "2022.10.12"]
[WhiteClock "0:00:18"]
[BlackClock "0:00:05"]

1. d4 Nf6 2. Nf3 e6 3. c4 Nc6 4. Nc3 Bb4 5. Qb3 a5 6. a3 a4 7. Qc2 Bxc3+ 8. Qxc3 d6 9. g3 Qe7 10. Bg2 e5 11. O-O Bg4 12. dxe5 dxe5 13. Bg5 O-O 14. h3 Bh5 15. Rfd1 Rfd8 16. Qc2 Bg6 17. Rxd8+ Qxd8 18. Qd1 Qe7 19. Nh4 Nd4 20. Nxg6 hxg6 21. Bxb7 Rb8 22. Qxa4 Nxe2+ 23. Kf1 Nd4 24. b4 Qe6 25. Bg2 Qxc4+ 26. Kg1 c5 27. Qa7 Rc8 28. bxc5 Rxc5 29. Kh2 Rc7 30. Qb8+ Kh7 31. Rc1 Nc2 32. Bxf6 gxf6 33. Be4 Qe2 34. Qxc7 Qxf2+ 35. Bg2 Ne3 36. Rg1 Kg7 37. a4 1-0


[Site "https://www.chess.com"]

[Event "Titled Tuesday Blitz October 11 Late 2022"]
[White "Hnydiuk, Aleksander"]
[Black "Melikhov, Evgeny V."]
[WhiteFideId "1109057"]
[BlackFideId "4122046"]
[WhiteElo "2374"]
[BlackElo "2169"]
[Result "1-0"]
[Round "07"]
[TimeControl "180+1"]
[Date "2022.10.12"]
[WhiteClock "0:00:24"]
[BlackClock "0:00:11"]

1. c4 e5 2. g3 d6 3. Bg2 f5 4. Nf3 Nf6 5. O-O Be7 6. Nc3 O-O 7. d4 e4 8. Ng5 a5 9. f3 exf3 10. exf3 c6 11. Re1 Na6 12. d5 Nc7 13. b3 Nfxd5 14. Nxd5 Nxd5 15. cxd5 Bxg5 16. Bxg5 Qxg5 17. f4 Qd8 18. dxc6 bxc6 19. Rc1 Qb6+ 20. Kh1 d5 21. Rxc6 Qb4 22. Bxd5+ Kh8 23. Rc4 Qb8 24. Re7 Ra7 25. Qe1 Ba6 26. Rc6 Bb5 27. Rce6 Rxe7 28. Rxe7 Qd6 29. Qe5 Qxe5 30. fxe5 Rd8 31. Bc4 Bc6+ 32. Kg1 h6 33. Rc7 Be4 34. e6 Re8 35. e7 1-0


[Site "https://www.chess.com"]